 Dungeon Crawl Stone Soup version 0.29-a0-451-gfbfa42419e (webtiles) character file.

Game seed: 10081844356056054706

7784 Bruhh the Fighter (level 11, 19/90 HPs)
             Began as a Barachi Ice Elementalist on May 19, 2022.
             Was a Priest of Zin.
             Quit the game on level 9 of the Dungeon.
             The game lasted 00:18:24 (12729 turns).

Bruhh the Fighter (Barachi Ice Elementalist)       Turns: 12729, Time: 00:18:25

Health: 19/90      AC:  6    Str: 10    XL:     11   Next: 20%
Magic:  4/18       EV: 12    Int: 19    God:    Zin [***...]
Gold:   201        SH:  5    Dex: 13    Spells: 9/20 levels left

rFire   . . .      SeeInvis .   c - +0 rapier (flame)
rCold   . . .      Faith    .   C - +0 buckler
rNeg    . . .      Spirit   .   a - +0 robe
rPois   .          Reflect  .   q - +0 helmet
rElec   .          Harm     .   n - +1 cloak
rCorr   .          Rampage  .   (no gloves)
Will    .....                   e - +0 pair of boots
Stlth   ++........              (no amulet)
HPRegen 0.25/turn               v - ring of wizardry
MPRegen 0.16/turn               (no ring)

@: on recite cooldown, hasted, quick
A: amphibious, slowness 1, strong legs 1, +LOS, inhibited regeneration
a: Hop, Renounce Religion, Recite, Vitalisation, Imprison, Donate Gold


You were on level 9 of the Dungeon.
You worshipped Zin.
Zin was most pleased with you.
You visited 1 branch of the dungeon, and saw 9 of its levels.

You collected 388 gold pieces.
You donated 187 gold pieces to Zin.

Inventory:

Hand Weapons
 c - a +0 rapier of flaming (weapon)
Missiles
 x - 5 curare-tipped darts
Armour
 a - a +0 robe (worn)
 e - a +0 pair of boots (worn)
 n - a +1 cloak (worn)
 q - a +0 helmet (worn)
 u - a +2 tower shield of poison resistance
 C - a +0 buckler (worn)
Jewellery
 s - an amulet of faith
 v - a ring of wizardry (left hand)
 A - a ring of protection from fire
Wands
 i - a wand of iceblast (14)
 H - a wand of flame (5)
Scrolls
 d - 2 scrolls of poison
 j - a scroll of vulnerability
 l - 2 scrolls of fear
 m - 2 scrolls of teleportation
 p - 4 scrolls of noise
 r - 2 scrolls of torment
 w - a scroll of amnesia {unknown}
 y - a scroll of silence {unknown}
 z - a scroll of enchant armour
 F - a scroll of fog {unknown}
 G - 3 scrolls of identify
 I - a scroll of enchant weapon {unknown}
 K - a scroll of summoning {unknown}
 L - a scroll of magic mapping {unknown}
Potions
 b - 3 potions of mutation
 f - 2 potions of brilliance
 h - a potion of lignification
 k - 2 potions of attraction {unknown}
 o - a potion of berserk rage {unknown}
 t - a potion of haste
 B - a potion of flight {unknown}
 D - a potion of ambrosia {unknown}
 E - 2 potions of degeneration {unknown}


   Skills:
 - Level 10.0 Fighting
 + Level 1.0 Long Blades
 + Level 0.6(1.0) Axes
 + Level 0.6(1.0) Maces & Flails
 + Level 0.5(0.9) Polearms
 + Level 0.6(1.0) Staves
 + Level 0.5(0.7) Slings
 + Level 0.6 Bows
 + Level 1.1 Crossbows
 + Level 0.6(0.8) Throwing
 + Level 0.9 Armour
 - Level 2.1 Dodging
 - Level 1.7 Stealth
 - Level 4.0 Shields
 + Level 0.9 Unarmed Combat
 - Level 5.0 Spellcasting
 - Level 3.5 Conjurations
 + Level 1.0 Hexes
 + Level 1.0 Summonings
 + Level 0.8 Necromancy
 + Level 0.8 Translocations
 + Level 0.8 Transmutations
 + Level 1.0 Fire Magic
 - Level 8.0 Ice Magic
 + Level 0.8 Air Magic
 + Level 0.7 Earth Magic
 + Level 0.8 Poison Magic
 - Level 10.0 Invocations
 + Level 0.8 Evocations


You had 9 spell levels left.
You knew the following spells:

 Your Spells              Type           Power      Damage    Failure   Level
a - Freeze                Ice            100%       1d11      1%          1
b - Frozen Ramparts       Ice            70%        1d9       1%          3
c - Ozocubu's Armour      Ice            35%        N/A       1%          3
d - Hailstorm             Conj/Ice       26%        3d7       6%          4

Your spell library contained the following spells:

 Spells                   Type           Power      Damage    Failure   Level
 Beastly Appendage        Tmut           14%        N/A       4%          1
 Wereblood                Tmut           7%         N/A       7%          2
 Spider Form              Tmut/Pois      7%         N/A       14%         3


Dungeon Overview and Level Annotations

Branches:
Dungeon (9/15)             Temple (0/1) D:4
   Lair: D:8-11         Orc: D:9-12

Altars:
Trog
Wu Jian
Zin

Shops:
D:1 (   D:8 (=!

Annotations:
D:4 2 runed translucent doors, Serus's ghost, amateur GrFi


Innate Abilities, Weirdness & Mutations

You are amphibious.
You cover ground slowly.
You can hop short distances.
You have an extended range of vision and can be seen from far away.
You do not regenerate when monsters are visible.


Message History

"...did Zin not decree that to be contaminated was wrong?"
You finish reciting Ablutions 23:66.
Unknown command.
Casting: Hailstorm (dangerous; 6% risk of failure)
Confirm with . or Enter, or press ? or * to list all spells.
Casting: Hailstorm (dangerous; 6% risk of failure)
Press: ? - help, Dir - look around, f - activate A cannonade of hail descends around you!
The hail pelts Joseph!
Joseph is almost dead.
Unknown command.
Unknown command.
It was a potion of lignification.
Zin protects your body from unnatural transformation!
You feel woody for a moment.
Joseph gestures wildly.
Joseph says, "I'm a little confused."
The frozen ramparts melt away.
Your icy armour will break if you move.
Continue?
Your icy armour cracks and falls away as you move.
You feel yourself speed up.
Joseph gestures wildly.
You block Joseph's attack.
You catch the helpless Joseph completely off-guard!
You hit Joseph but do no damage.
Joseph is almost dead.
Joseph hits you with a +0 quarterstaff!
* * * LOW HITPOINT WARNING * * *
You hit Joseph. You burn Joseph.
Joseph is almost dead.
Joseph hits you with a +0 quarterstaff!
* * * LOW HITPOINT WARNING * * *
You feel much better.
You hit Joseph. You burn Joseph.
You kill Joseph!
Your Long Blades skill increases to level 1!
Your Hexes skill increases to level 1!
Your Summonings skill increases to level 1!
Unknown command.
Are you sure you want to abandon this character and quit the game? (Confirm with "yes".)

###########################
.#....#..........<........#
.#....#...................#
.'....'...................#
.#....#...................#
##....#........)@.........#
.##+..#...................#
###...########............#
#...# ########.....# #...#
##+### #...# #...#
#...###### #...#......


There were no monsters in sight!

Vanquished Creatures
  Pikel (D:8)
  Joseph (D:9)
  A troll (D:9)
  Prince Ribbit (D:7)
  Sigmund (D:3)
  A shadow (D:9)
  A wyvern (D:8)
  16 yaks
  2 steam dragons
  Eustachio (D:5)
  Grum (D:8)
  Edmund (D:5)
  Menkaure (D:7)
  A water moccasin (D:6)
  2 ice beasts
  A sky beast (D:4)
  2 orc warriors
  An ogre (D:5)
  A black bear (D:7)
  4 wolves (D:8)
  2 centaurs
  3 lemures (D:8)
  A phantom (D:7)
  2 kobold brigands (D:9)
  2 bullfrogs
  3 scorpions
  4 wights
  4 killer bees (D:8)
  2 howler monkeys
  A jelly (D:4)
  3 hounds
  6 orc priests
  Crazy Yiuf (D:2)
  3 iguanas
  7 orc wizards
  Robin (D:3)
  10 adders
  9 gnolls
  2 white imps (D:6)
  An ufetubus (D:5)
  3 dart slugs
  33 orcs
  8 endoplasms
  2 giant cockroaches (D:1)
  13 goblins
  6 hobgoblins
  A jackal (D:2)
  13 kobolds
  3 quokkas
  5 ball pythons
  6 bats
  7 frilled lizards
  4 rats
  A bush (D:3)
213 creatures vanquished.

Vanquished Creatures (others)
  A bush (D:3)
1 creature vanquished.

Grand Total: 214 creatures vanquished

Notes
Turn   | Place    | Note
-------+----------+-------------------------------------------
     0 | D:1      | Bruhh the Barachi Ice Elementalist began the quest for the
                  | Orb.
     0 | D:1      | Reached XP level 1. HP: 13/13 MP: 3/3
     7 | D:1      | Found Ulim's Weapon Emporium.
    80 | D:1      | Reached skill level 5 in Ice Magic
   304 | D:1      | Reached XP level 2. HP: 18/19 MP: 1/5
   670 | D:1      | Reached XP level 3. HP: 24/24 MP: 7/7
   952 | D:2      | Learned a level 3 spell: Frozen Ramparts
   956 | D:2      | Learned a level 3 spell: Ozocubu's Armour
  1209 | D:2      | Found a runed translucent door.
  1210 | D:2      | Noticed Crazy Yiuf
  1502 | D:2      | Found a glowing silver altar of Zin.
  1528 | D:2      | Became a worshipper of Zin the Law-Giver
  1634 | D:2      | Found a faded altar of an unknown god.
  1827 | D:2      | Reached XP level 4. HP: 30/30 MP: 6/8
  1937 | D:2      | Killed Crazy Yiuf
  2371 | D:3      | Reached * piety under Zin
  2415 | D:3      | Reached XP level 5. HP: 33/35 MP: 6/11
  2699 | D:3      | Noticed Robin
  2835 | D:3      | Killed Robin
  3092 | D:3      | Noticed Sigmund
  3109 | D:3      | Killed Sigmund
  3110 | D:3      | Reached skill level 5 in Spellcasting
  3110 | D:3      | Reached XP level 6. HP: 38/48 MP: 4/13
  3629 | D:4      | Found a large runed translucent door.
  3630 | D:4      | Found a large runed translucent door.
  3634 | D:4      | Noticed Serus's ghost (amateur GrFi)
  3675 | D:4      | Found a staircase to the Ecumenical Temple.
  3765 | D:4      | Donated 52 gold pieces to Zin
  3799 | D:4      | Noticed a sky beast
  3813 | D:4      | Reached skill level 5 in Fighting
  3813 | D:4      | Killed a sky beast
  3814 | D:4      | Reached XP level 7. HP: 28/57 MP: 1/14
  4514 | D:4      | Reached ** piety under Zin
  4929 | D:5      | Entered Level 5 of the Dungeon
  4930 | D:5      | Noticed Eustachio
  4939 | D:5      | Killed Eustachio
  4940 | D:5      | Reached XP level 8. HP: 64/68 MP: 3/15
  5327 | D:5      | Noticed Edmund
  5340 | D:5      | Killed Edmund
  5438 | D:5      | Reached skill level 10 in Fighting
  5445 | D:5      | Reached skill level 1 in Invocations
  6397 | D:6      | Reached XP level 9. HP: 42/78 MP: 12/16
  6922 | D:6      | Reached skill level 5 in Invocations
  7050 | D:6      | Found a bloodstained altar of Trog.
  7050 | D:6      | Found an ornate altar of the Wu Jian Council.
  7835 | D:6      | Reached skill level 1 in Shields
  7846 | D:6      | Reached *** piety under Zin
  7975 | D:7      | Noticed Prince Ribbit
  7984 | D:7      | Killed Prince Ribbit
  8895 | D:6      | Donated 97 gold pieces to Zin
  9507 | D:7      | Noticed Menkaure
  9515 | D:7      | Killed Menkaure
  9974 | D:8      | Noticed Pikel
  9990 | D:8      | Killed Pikel
  9991 | D:8      | Reached XP level 10. HP: 81/85 MP: 9/17
 10615 | D:8      | Found Yfyazas's Weapon Shop.
 10627 | D:8      | Found Lelur's Jewellery Boutique.
 10628 | D:8      | Found Oqab Paitt's Distillery.
 11229 | D:8      | Noticed Grum
 11242 | D:8      | Reached skill level 10 in Invocations
 11243 | D:8      | Killed Grum
 11251 | D:8      | Learned a level 4 spell: Hailstorm
 11556 | D:9      | Reached skill level 1 in Conjurations
 11813 | D:9      | Reached XP level 11. HP: 81/90 MP: 8/18
 11829 | D:9      | Reached skill level 1 in Crossbows
 11943 | D:9      | Reached **** piety under Zin
 12236 | D:9      | Gained mutation: You do not regenerate when monsters are
                  | visible. [potion of mutation]
 12237 | D:9      | HP: 1/90 [shadow (10)]
 12640 | D:9      | Reached skill level 1 in Fire Magic
 12695 | D:9      | Noticed Joseph
 12726 | D:9      | HP: 4/90 [Joseph/+0 quarterstaff (8)]
 12728 | D:9      | Killed Joseph
 12729 | D:9      | Reached skill level 1 in Long Blades
 12729 | D:9      | Reached skill level 1 in Hexes
 12729 | D:9      | Reached skill level 1 in Summonings
 12729 | D:9      | Quit the game

Illustrated notes

Levels and vault maps discovered:
D:1:      amcnicky_arrival_underground_garden, layout_rooms, serial_shops,
          nicolae_shop_bloodbath_and_beyond, hex_medium, minmay_lizard_pond
D:2:      layout_basic, hellmonk_ecumenical_altar_arch_garden, basic_altar,
          minmay_tromino_v2, uniq_crazy_yiuf_cottage
D:3:      layout_loops_ring, minmay_hedge_maze, minmay_tree_intersection,
          uniq_sigmund, uniq_robin
D:4:      layout_basic, minmay_temple_entry_wispy, ebering_ghost_disaster_area
D:5:      layout_loops_ring, uniq_eustachio, uniq_edmund
D:6:      layout_gridville, chequers_temple_overflow_statue_of_worship
D:7:      nicolae_cairo_tiling_large_dashed, layout_basic, due_unseen_surprise,
          uniq_menkaure, uniq_prince_ribbit1
D:8:      layout_loops_corners, nicolae_wooded_promenade, uniq_grum, uniq_pikel
D:9:      layout_grid_maze, serial_co_window_serial, co_window_paths_b,
          co_window_paths_a, co_window_of_opportunity_a,
          co_window_of_opportunity_a, co_window_corner_a, co_window_paths_b,
          co_window_of_opportunity_b, co_window_unsneaky_path_d,
          co_window_broadway_a, co_window_broadway_a, co_window_4corner_b,
          glass_columns_c, glass_columns_b, glass_columns_b, uniq_joseph

Skill      XL: |  1  2  3  4  5  6  7  8  9 10 11 |
---------------+----------------------------------+-----
Ice Magic      | 5 6 8 |  8.0
Spellcasting   | 3 4 5 |  5.0
Fighting       | 3 5 8 10 | 10.0
Invocations    | 4 8 10 | 10.0
Shields        | 4 |  4.0
Conjurations   | 3 |  3.5
Crossbows      | 1 |  1.1
Fire Magic     | 1 |  1.0
Long Blades    | 1 |  1.0
Hexes          | 1 |  1.0
Summonings     | 1 |  1.0
Axes           | |  0.6
Maces & Flails | |  0.6
Polearms       | |  0.5
Staves         | |  0.6
Slings         | |  0.5
Bows           | |  0.6
Throwing       | |  0.6
Armour         | |  0.9
Dodging        | |  2.1
Stealth        | |  1.7
Unarmed Combat | |  0.9
Necromancy     | |  0.8
Translocations | |  0.8
Transmutations | |  0.8
Air Magic      | |  0.8
Earth Magic    | |  0.7
Poison Magic   | |  0.8
Evocations     | |  0.8

Action                   |  1- 3 |  4- 6 |  7- 9 | 10-12 || total
-------------------------+-------+-------+-------+-------++-------
Melee: Rapier            |    36 |   119 |   129 |    75 ||   359
       Punch             |       |     2 |       |       ||     2
 Cast: Freeze            |    26 |    51 |    87 |    54 ||   218
       Frozen Ramparts   |       |     5 |    23 |    14 ||    42
       Ozocubu's Armour  |       |     2 |    15 |    10 ||    27
       Hailstorm         |       |       |       |     3 ||     3
Invok: Donate Gold       |       |     1 |     1 |       ||     2
       Recite            |       |       |     5 |     3 ||     8
       Vitalisation      |       |       |     1 |     1 ||     2
 Abil: Hop               |       |       |     1 |       ||     1
  Use: Potion            |       |     1 |     1 |     8 ||    10
       Scroll            |       |       |     9 |       ||     9
 Stab: Sleeping          |     2 |     1 |       |       ||     3
       Distracted        |       |       |       |     1 ||     1
       Confused          |       |       |       |     1 ||     1
Armor: Robe              |    17 |    20 |    82 |    47 ||   166
Dodge: Dodged            |    29 |    59 |   158 |    78 ||   324
Block: Buckler           |       |       |    25 |    40 ||    65

Table legend: (Time is in decaauts)
 A = Elapsed time spent in this place.
 B = Non-inter-level travel time spent in this place.
 C = Inter-level travel time spent in this place.
 D = Time resting spent in this place.
 E = Time spent auto-exploring this place.
 F = Levels seen in this place.
 G = Mean time per level.
                   A        B        C        D        E       F      G
               +--------+--------+--------+--------+--------+-----+--------+
         Total |  13929 |  13419 |    510 |   1109 |  10467 |   9 | 1547.7 |
       Dungeon |  13929 |  13419 |    510 |   1109 |  10467 |   9 | 1547.7 |
               +--------+--------+--------+--------+--------+-----+--------+

Top non-repeatable levels by time:
     D:6: 2697 daAuts
     D:4: 1815 daAuts
     D:8: 1771 daAuts
     D:3: 1683 daAuts
     D:9: 1301 daAuts
     D:2: 1293 daAuts
     D:7: 1271 daAuts
     D:5: 1084 daAuts
     D:1: 1009 daAuts
